 Dungeon Crawl Stone Soup version 0.29.1-12-g30fa7ad0bf (webtiles) character file.

Game seed: 16382100792981483697

5046 raph the Tainter (level 10, 0/84 HPs)
             Began as a Green Draconian Venom Mage on Jan 6, 2023.
             Was a Follower of Kikubaaqudgha.
             Slain by an ice beast (3 damage)
             ... on level 8 of the Dungeon.
             The game lasted 00:24:33 (14049 turns).

raph the Tainter (Green Draconian Venom Mage)      Turns: 14049, Time: 00:24:34

Health: 0/84       AC: 10    Str: 13    XL:     10   Next: 30%
Magic:  11/19      EV: 14    Int: 20    God:    Kikubaaqudgha [*.....]
Gold:   117        SH:  0    Dex: 12    Spells: 5/21 levels left

rFire   + . .      SeeInvis .   b - +1 whip (pain)
rCold   + . .      Faith    .   (no shield)
rNeg    . . .      Spirit   .   (body armour unavailable)
rPois   +          Reflect  .   (helmet restricted)
rElec   .          Harm     .   D - scarf {rC+ rF+}
rCorr   .          Rampage  .   w - +0 pair of gloves {Str+3}
Will    .....                   l - +1 pair of boots
Stlth   ++........              c - amulet of the acrobat
HPRegen 0.24/turn               (no ring)
MPRegen 0.16/turn               (no ring)

@: about to teleport
A: breathe noxious fumes, AC +7, unfitting armour, poison resistance,
cold-blooded
a: Breathe Noxious Fumes, Renounce Religion, Unearth Wretches


You were on level 8 of the Dungeon.
You worshipped Kikubaaqudgha.
Kikubaaqudgha was aware of your devotion.
You visited 2 branches of the dungeon, and saw 9 of its levels.

You collected 399 gold pieces.
You spent 282 gold pieces at shops.

Inventory:

Hand Weapons
 a - a +0 morningstar of flaming
 b - a +1 whip of pain (weapon)
 d - a +0 short sword
 h - a +2 dagger of venom
Missiles
 C - 2 throwing nets
Armour
 l - a +1 pair of boots (worn)
 v - a scarf of repulsion
 w - a +0 pair of gloves of strength (worn)
 A - the +8 chain mail "Azohut" {Int+4}
   (You found it on level 7 of the Dungeon)

   Int:       It affects your intelligence (+4).
 D - a scarf of resistance (worn)
Jewellery
 c - an amulet of the acrobat (around neck)
 y - a ring of fire
Wands
 n - a wand of light (4)
 s - a wand of flame (3)
 z - a wand of iceblast (3)
 B - a wand of paralysis (6)
Scrolls
 e - a scroll of fear
 f - 2 scrolls of fog
 g - 2 scrolls of immolation
 i - 2 scrolls of teleportation
 p - a scroll of silence
 x - a scroll of brand weapon
Potions
 j - 3 potions of mutation
 k - a potion of berserk rage
 m - a potion of cancellation
 o - 4 potions of curing
 q - 3 potions of magic
 r - 2 potions of lignification
 t - a potion of brilliance
 u - a potion of haste {unknown}


   Skills:
 + Level 6.5 Fighting
 + Level 3.1 Maces & Flails
 + Level 5.7 Dodging
 - Level 1.7 Stealth
 + Level 6.2 Spellcasting
 - Level 1.1 Conjurations
 + Level 3.5 Necromancy
 - Level 1.0 Transmutations
 + Level 11.9 Poison Magic


You had 5 spell levels left.
You knew the following spells:

 Your Spells              Type           Power      Damage    Failure   Level
a - Sting                 Tmut/Pois      100%       1d8       1%          1
b - Poisonous Vapours     Pois/Air       60%        N/A       1%          2
c - Mephitic Cloud        Conj/Pois/Air  23%        N/A       5%          3
d - Olgreb's Toxic Radia  Pois           52%        N/A       1%          4
e - Slow                  Hex            24%        N/A       11%         1
f - Sublimation of Blood  Necr           20%        N/A       3%          2
g - Vampiric Draining     Necr           20%        2d7       7%          3

Your spell library contained the following spells:

 Spells                   Type           Power      Damage    Failure   Level
 Necrotise                Necr           80%        1d8       2%          1
 Magic Dart               Conj           40%        1d5       6%          1
 Summon Small Mammal      Summ           24%        N/A       11%         1
 Call Imp                 Summ           6%         N/A       16%         2
 Animate Dead             Necr           20%        N/A       24%         4
 Call Canine Familiar     Summ           6%         N/A       30%         3
 Ozocubu's Armour         Ice            6%         N/A       30%         3
 Summon Guardian Golem    Hex/Summ       6%         N/A       30%         3
 Metabolic Englaciation   Hex/Ice        3%         N/A       96%         5
 Simulacrum               Ice/Necr       6%         N/A       100%        6
 Maxwell's Capacitive Co  Air            3%         ∞         100%        8


Dungeon Overview and Level Annotations

Branches:
Dungeon (8/15)             Temple (1/1) D:6            Lair (0/5) D:8

Altars:
Ashenzari
Cheibriados
Dithmenos
Elyvilon
Fedhas
Gozag
Hepliaklqana
Kikubaaqudgha
Makhleb
Nemelex Xobeh
Okawaru
Qazlal
Ru
Sif Muna
Trog
Uskayaw
Wu Jian
Xom
Yredelemnul
Zin
The Shining One

Shops:
D:4 **?*

Annotations:
D:4 1 runed translucent door, stringoo's ghost, amateur OpDe
D:6 2 transporters, MisterFreud's ghost, novice DrTm


Innate Abilities, Weirdness & Mutations

You can breathe blasts of noxious fumes.
Your lurid green scales are hard. (AC +7)
You cannot fit into any form of body armour.
Your system is resistant to poisons. (rPois)
You are cold-blooded and may be slowed by cold attacks.


Message History

You hit the death yak but do no damage.
The death yak writhes in agony.
You tail-slap the death yak.
The death yak is severely wounded.
A death yak is nearby!
The death yak attacks as you move away! The death yak barely misses you.
You can't do that yet.
You hit the death yak.
The death yak is severely wounded.
The death yak gores you!!
You hit the death yak but do no damage.
The death yak is severely wounded.
The death yak gores you!!
* * * LOW HITPOINT WARNING * * *
The death yak attacks as you move away!
The death yak gores you but does no damage.
The death yak attacks as you move away! The death yak gores you!
* * * LOW HITPOINT WARNING * * *
The death yak attacks as you move away! The death yak closely misses you.
You have got your breath back.
There is a stone staircase leading up here.
The death yak attacks as you move away! The death yak misses you.
Aiming: Bolt of Light
Press: ? - help, Shift-Dir - straight line, f - ice beast, p - death yak
Aim: an ice beast (71% to hit)
The bolt of light hits the death yak!
The death yak is almost dead.
The death yak is blinded.
The bolt of light misses the ice beast.
The death yak gores you!
* * * LOW HITPOINT WARNING * * *
Okay, then.
The ice beast attacks as you move away! The ice beast misses you.
You kill the death yak!
Kikubaaqudgha accepts your kill.
Your Maces & Flails skill increases to level 3!
As you read the scroll of teleportation, it crumbles to dust.
You feel strangely unstable. The ice beast hits you.
* * * LOW HITPOINT WARNING * * *
The ice beast freezes you. You resist.
You die...
Kikubaaqudgha rasps: "You have failed me!
Welcome... death!"

..............#....#
..##...##.....#....#
..##...##.....#....#
........'.....#....#
........#.....#....#
).##...##.....#....#
..##...##.....#....#
...#....#.....#....#
...#....#.....#.@..#
...#....#.....#.Y..#
...#..........#....#
...'.......#..#....#
...#......#...#....#
...#..........#....#
........#.....#....#
...#..........#....#
...#....>.....#.<..#


You could see an ice beast.

Vanquished Creatures
  A two-headed ogre (D:6)
  A death yak (D:8)
  Pikel (D:5)
  Sigmund (D:3)
  A wyvern (D:7)
  Eustachio (D:5)
  A steam dragon (D:6)
  An acid dragon (D:7)
  Edmund (D:5)
  A water moccasin (Temple)
  An ice beast (D:6)
  2 orc warriors
  A black bear (D:6)
  An ogre (D:4)
  2 centaurs
  A lemure (D:5)
  A kobold brigand (D:7)
  2 bullfrogs
  A necrophage (D:8)
  5 scorpions
  6 killer bees (D:7)
  3 howler monkeys
  3 jellies
  3 hounds
  A gnoll bouda (D:6)
  6 orc priests
  Jessica (D:3)
  3 iguanas
  5 orc wizards
  A hell rat (D:8)
  Robin (D:2)
  12 gnolls
  4 adders
  A river rat (D:8)
  3 shadow imps
  An ufetubus (D:5)
  A worm (D:2)
  2 dart slugs
  36 orcs
  9 ball pythons
  4 endoplasms
  4 giant cockroaches
  11 goblins
  16 hobgoblins
  15 kobolds
  6 quokkas
  6 bats
  5 frilled lizards
  9 rats
205 creatures vanquished.

Notes
Turn   | Place    | Note
-------+----------+-------------------------------------------
     0 | D:1      | raph the Draconian Venom Mage began the quest for the Orb.
     0 | D:1      | Reached XP level 1. HP: 14/14 MP: 3/3
   190 | D:1      | Found a faded altar of an unknown god.
   686 | D:1      | Reached XP level 2. HP: 20/20 MP: 3/5
   689 | D:1      | Learned a level 2 spell: Poisonous Vapours
  1035 | D:1      | Reached skill level 4 in Poison Magic
  1466 | D:1      | Reached XP level 3. HP: 26/26 MP: 3/6
  1470 | D:1      | Learned a level 3 spell: Mephitic Cloud
  2110 | D:2      | Reached XP level 4. HP: 26/33 MP: 3/7
  2270 | D:2      | Got Sif Muna's Compilation of Overcast Glamour
  2602 | D:2      | Noticed Robin
  2684 | D:2      | Killed Robin
  3148 | D:2      | Reached skill level 5 in Poison Magic
  3529 | D:3      | Noticed Sigmund
  3968 | D:2      | Reached XP level 5. HP: 38/38 MP: 3/9
  4008 | D:2      | Reached skill level 1 in Conjurations
  4436 | D:3      | Learned a level 4 spell: Olgreb's Toxic Radiance
  4573 | D:3      | Noticed Jessica
  4593 | D:3      | Killed Jessica
  5034 | D:3      | Killed Sigmund
  5035 | D:3      | Reached skill level 6 in Poison Magic
  5035 | D:3      | Reached XP level 6. HP: 45/45 MP: 1/10
  5287 | D:4      | Found Nemeige's Assorted Antiques.
  5291 | D:4      | Found Dire's Magic Scroll Boutique.
  5297 | D:4      | Reached skill level 7 in Poison Magic
  5458 | D:4      | Bought a scroll of enchant armour for 97 gold pieces
  5642 | D:4      | Your scales start taking on a lurid green colour.
  5642 | D:4      | Reached skill level 9 in Poison Magic
  5642 | D:4      | Reached XP level 7. HP: 50/50 MP: 4/11
  5642 | D:4      | Gained mutation: Your system is resistant to poisons.
                  | (rPois) [Green Draconian growth]
  5790 | D:4      | Learned a level 1 spell: Slow
  5867 | D:4      | Found a runed translucent door.
  5867 | D:4      | Noticed stringoo's ghost (amateur OpDe)
  5892 | D:4      | Found a stormy altar of Qazlal.
  6404 | D:4      | Found Ysaptoc's Assorted Antiques.
  6429 | D:4      | Found Jyfext's General Store.
  6454 | D:4      | Bought a potion of curing for 33 gold pieces
  7068 | D:5      | Entered Level 5 of the Dungeon
  7294 | D:5      | Reached skill level 1 in Fighting
  7378 | D:5      | Noticed Eustachio
  7423 | D:5      | Killed Eustachio
  7424 | D:5      | Reached skill level 10 in Poison Magic
  7558 | D:5      | Found a hide-covered altar of Uskayaw.
  7628 | D:5      | Reached XP level 8. HP: 57/61 MP: 8/13
  7985 | D:5      | Noticed Pikel
  7998 | D:5      | Killed Pikel
  8340 | D:5      | Noticed Edmund
  8349 | D:5      | Killed Edmund
  8641 | D:6      | Noticed MisterFreud's ghost (novice DrTm)
  8641 | D:6      | Found a transporter.
  8854 | D:4      | Bought a +0 pair of gloves of strength for 126 gold pieces
  8899 | D:4      | Bought a scroll of identify for 26 gold pieces
  8947 | D:6      | Found a staircase to the Ecumenical Temple.
  8957 | Temple   | Entered the Ecumenical Temple
  9150 | Temple   | Became a worshipper of Kikubaaqudgha
  9198 | D:6      | Reached XP level 9. HP: 52/72 MP: 1/16
  9200 | D:6      | Reached skill level 5 in Spellcasting
  9200 | D:6      | Reached skill level 11 in Poison Magic
  9396 | D:6      | Reached skill level 5 in Fighting
  9900 | D:6      | Found a transporter.
 10297 | D:7      | Identified the +8 chain mail "Azohut" {Int+4}
 10300 | D:7      | Reached * piety under Kikubaaqudgha
 10300 | D:7      | Received a gift from Kikubaaqudgha
 10301 | D:7      | Reached skill level 1 in Necromancy
 10341 | D:7      | Learned a level 2 spell: Sublimation of Blood
 10345 | D:7      | Learned a level 3 spell: Vampiric Draining
 10360 | D:7      | Noticed a two-headed ogre
 10386 | D:6      | Killed a two-headed ogre
 10387 | D:6      | Reached skill level 1 in Maces & Flails
 10387 | D:6      | Reached skill level 5 in Dodging
 11576 | D:7      | Found a shadowy altar of Dithmenos.
 11576 | D:7      | Found a burning altar of Makhleb.
 12058 | D:7      | Found a bloodstained altar of Trog.
 12249 | D:8      | Reached XP level 10. HP: 74/83 MP: 13/19
 12414 | D:8      | Noticed a death yak
 12414 | D:8      | Noticed a death yak
 12416 | D:8      | Noticed a death yak
 12698 | D:7      | HP: 1/81 [acid dragon (4)]
 13081 | D:8      | Found a staircase to the Lair.
 14044 | D:8      | HP: 4/83 [death yak (13)]
 14048 | D:8      | Killed a death yak
 14049 | D:8      | HP: 3/84 [ice beast (2)]
 14049 | D:8      | Slain by an ice beast

Illustrated notes

Levels and vault maps discovered:
D:1:      amcnicky_arrival_blooded_trapdoor, layout_loops_ring,
          basic_ecumenical_altar
D:2:      layout_basic, skrybe_limestone_x, fountainhead, uniq_robin
D:3:      layout_loops_ring, uniq_sigmund, uniq_jessica
D:4:      layout_basic, mainiacjoe_overflow_catwalk, serial_shops, shop, shop,
          shop, nicolae_shop_hallway_plus, hellmonk_ghost_happy_afterlife
D:5:      layout_loops_ring, mainiacjoe_overflow_six_doors_small,
          hangedman_decor_slide_cut, grunt_ministairs_6, uniq_pikel,
          uniq_eustachio, uniq_edmund
D:6:      layout_cave_pods, temple_fountains, gammafunk_ghost_stat_death,
          palyth_stone_intersect
D:7:      layout_basic, gammafunk_temple_overflow_statue, trog_hazing_becter
D:8:      layout_gridville, dpeg_lair_monsters
Temple:   compressed_dpeg_triangle_lava_temple

Skill      XL: |  1  2  3  4  5  6  7  8  9 10 |
---------------+-------------------------------+-----
Poison Magic   | 4 5 6 9 10 11 | 11.9
Conjurations   | 1 |  1.1
Spellcasting   | 3 4 6 |  6.2
Dodging        | 2 4 5 |  5.7
Fighting       | 2 4 6 |  6.5
Necromancy     | 2 3 |  3.5
Maces & Flails | 2 3 |  3.1
Stealth        | |  1.7
Transmutations | |  1.0

Action                   |  1- 3 |  4- 6 |  7- 9 | 10-12 || total
-------------------------+-------+-------+-------+-------++-------
Melee: Unarmed           |    20 |       |       |       ||    20
       Tailslap          |     2 |       |    24 |     5 ||    31
       Dagger            |       |     4 |     8 |       ||    12
       Morningstar       |       |       |    82 |    12 ||    94
       Punch             |       |       |     1 |     1 ||     2
       Whip              |       |       |    26 |    31 ||    57
 Cast: Sting             |    23 |    50 |    47 |     4 ||   124
       Poisonous Vapours |    23 |    47 |     8 |     1 ||    79
       Mephitic Cloud    |       |     2 |     6 |     3 ||    11
       Olgreb's Toxic Ra |       |     2 |    50 |    15 ||    67
       Vampiric Draining |       |       |       |     2 ||     2
       Sublimation of Bl |       |       |       |     1 ||     1
 Abil: Breathe Noxious F |       |       |    11 |     8 ||    19
Evoke: Wand              |       |       |       |     1 ||     1
  Use: Scroll            |       |     8 |     9 |     3 ||    20
       Potion            |       |       |       |     1 ||     1
 Stab: Sleeping          |       |       |     1 |       ||     1
       Confused          |       |       |     2 |     1 ||     3
Armor: Skin              |    15 |    18 |    49 |    15 ||    97
Dodge: Dodged            |    49 |    49 |   194 |    41 ||   333
       Repelled          |       |       |     1 |       ||     1
